 Dungeon Crawl Stone Soup version 0.25.0-11-g1f837a76a1 (webtiles) character file.

Game seed: 16185244809941542037

102 Peloso the Covered (level 4, 40/40 HPs)
             Began as a Minotaur Fighter on June 25, 2020.
             Got out of the dungeon alive.
             The game lasted 00:02:43 (1819 turns).

Peloso the Covered (Minotaur Fighter)               Turns: 1819, Time: 00:02:44

Health: 40/40      AC: 12    Str: 21    XL:     4   Next: 50%
Magic:  3/3        EV:  7    Int:  5    God:
Gold:   43         SH:  9    Dex: 10    Spells: 3/3 levels left

rFire    . . .     SeeInvis .   a - +0 long sword
rCold    . . .     Gourm    .   c - +0 kite shield
rNeg     . . .     Faith    .   b - +0 scale mail
rPois    .         Spirit   .   (helmet unavailable)
rElec    .         Reflect  .   i - +1 cloak
rCorr    .         Harm     .   (no gloves)
MR       .....                  j - +2 pair of boots
Stlth    ..........             m - amulet of inaccuracy (curse)
HPRegen  0.53/turn              n - ring of attention (curse)
MPRegen  0.08/turn              (no ring)

@: no status effects
A: retaliatory headbutt, hooves 1, horns 3, regeneration 1, subdued magic 1
a: no special abilities


You escaped.
You were not hungry.

You visited 1 branch of the dungeon, and saw 2 of its levels.

You collected 43 gold pieces.

Inventory:

Hand Weapons
 a - a +0 long sword (weapon)
Armour
 b - a +0 scale mail (worn)
 c - a +0 kite shield (worn)
 i - a +1 cloak (worn)
 j - a +2 pair of boots (worn)
Jewellery
 m - a cursed amulet of inaccuracy (around neck)
 n - a cursed ring of attention (left hand)
Wands
 k - a wand of iceblast (11)
Scrolls
 e - a scroll of fog {unknown}
 h - 2 scrolls of identify {unknown}
Potions
 d - a potion of might
 l - a potion of curing
Comestibles
 f - 3 rations


   Skills:
 + Level 4.1 Fighting
 + Level 3.4 Long Blades
 + Level 4.8 Armour
 + Level 0.3 Dodging
 + Level 4.4 Shields


You had 3 spell levels left.
You didn't know any spells.
Your spell library was empty.

Dungeon Overview and Level Annotations

Branches:
Dungeon (2/15)

Altars:
Sif Muna


Innate Abilities, Weirdness & Mutations

You reflexively headbutt those who attack you in melee.
You have a pair of large horns on your head.
You have large cloven feet.
Your natural rate of healing is unusually fast.
Your spells are a little easier to cast, but a little less powerful.


Message History

Oops, that ring feels deathly cold.
n - a cursed ring of attention (left hand) It was a potion of curing.
You feel better.
It was a potion of mutation.
You feel extremely strange.
Your connection to magic feels subdued.
You begin to heal more quickly.
The horns on your head grow some more.
Your feet thicken and deform.
Okay, then.
(D) Dungeon
Where to? (? - help)
What level of the Dungeon? (default 1, ? - help)
There is an open door here.
There is an open door here.
There is a stone staircase leading up, spattered with blood here.
You see here a +0 club.
You climb upwards.
There is a stone staircase leading down here.
There is an open gate here.
There is a staircase leading out of the dungeon here.
Are you sure you want to leave the Dungeon?
This will make you lose the game!
You have escaped!

# #......# #.......# #
#...)..# #.#####.#
###...(..# ####..#.#
.........####....#.#
.##.....###......#.#
.####.###........#.#
..#####......##..#.#
.#.'.......####..###
...'.....### #.@####
...'.......####..#..###
#.#####..)...##..#....#
##....###........##.#.####
##...# ###......#.......#
#...#
###....##.#.##.########
###.#
####..#.#..##.........
##.##
#..#######.#####.###.#
#...# #.##....#..# #.##...


There were no monsters in sight!

Vanquished Creatures
  4 gnolls (D:2)
  An ooze (D:1)
  4 dart slugs
  A leopard gecko (D:1)
  4 giant cockroaches
  11 goblins
  6 hobgoblins
  A quokka (D:2)
  8 bats
  4 frilled lizards (D:1)
  2 kobolds
  7 rats
53 creatures vanquished.

Notes
Turn   | Place    | Note
-------+----------+-------------------------------------------
     0 | D:1      | Peloso the Minotaur Fighter began the quest for the Orb.
     0 | D:1      | Reached XP level 1. HP: 19/19 MP: 0/0
   127 | D:1      | Reached XP level 2. HP: 13/27 MP: 1/1
   696 | D:1      | Reached XP level 3. HP: 33/33 MP: 2/2
  1079 | D:2      | Reached XP level 4. HP: 31/40 MP: 3/3
  1684 | D:2      | Found a shimmering blue altar of Sif Muna.
  1739 | D:2      | Gained mutation: Your spells are a little easier to cast,
                  | but a little less powerful. [potion of mutation]
  1739 | D:2      | Gained mutation: Your natural rate of healing is unusually
                  | fast. [potion of mutation]
  1739 | D:2      | Gained mutation: You have a pair of large horns on your
                  | head. [potion of mutation]
  1739 | D:2      | Gained mutation: You have large cloven feet. [potion of
                  | mutation]
  1819 | D:$      | Got out of the dungeon alive.

Illustrated notes

Levels and vault maps discovered:
D:1:      lemuel_arrival_funnel, layout_loops_cross
D:2:      kennysheep_big_flooded_room, layout_basic, led_sif_pool

Skill      XL: |  1  2  3 |
---------------+----------+-----
Shields        | 4 |  4.4
Armour         | 4 |  4.8
Long Blades    | 3 |  3.4
Fighting       | 4 |  4.1
Dodging        | |  0.3

Action                   |  1- 3 |  4- 6 || total
-------------------------+-------+-------++-------
Melee: Long sword        |    96 |    23 ||   119
       Headbutt          |    14 |     7 ||    21
  Use: Potion            |       |     2 ||     2
  Eat: Chunk             |     1 |     2 ||     3
Armor: Scale mail        |    54 |    10 ||    64
Dodge: Dodged            |    28 |     7 ||    35
Block: Kite shield       |    66 |    15 ||    81
       Rpst.: Long sword |     6 |     1 ||     7
